 Dungeon Crawl Stone Soup version 0.23-a0-586-gacb4b3f4ce (webtiles) character file.

16007 Napalmbreeze the Destroyer (level 12, -28/64 HPs)
             Began as a Deep Elf Fire Elementalist on Dec 19, 2018.
             Was a Priest of Vehumet.
             Killed from afar by Roxanne (48 damage)
             ... with a bolt of magma
             ... on level 14 of the Dungeon.
             The game lasted 00:38:43 (16142 turns).

Napalmbreeze the Destroyer (DEFE)                  Turns: 16142, Time: 00:38:44

Health: -28/64     AC:  7    Str:  5    XL:     12   Next: 6%
Magic:  29/29      EV: 17    Int: 26    God:    Vehumet [***...]
Gold:   481        SH:  5    Dex: 15    Spells: 15/33 levels left

rFire    . . .     SeeInvis .   s - +1 dagger (venom)
rCold    . . .     Gourm    .   e - +0 buckler
rNeg     + + .     Faith    .   G - +2 robe {rN+}
rPois    .         Spirit   .   (no helmet)
rElec    .         Reflect  .   i - scarf {cloud immunity}
rCorr    .         Harm     .   a - +0 pair of gloves
MR       +....                  y - +1 pair of boots
Stlth    ++........             (no amulet)
HPRegen  0.20/turn              n - ring of positive energy
MPRegen  0.21/turn              (no ring)

@: about to teleport
A: no striking features
a: Renounce Religion


You were on level 14 of the Dungeon.
You worshipped Vehumet.
Vehumet was most pleased with you.
You were not hungry.

You visited 2 branches of the dungeon, and saw 15 of its levels.
You also visited: Sewer.

You collected 507 gold pieces.
You spent 26 gold pieces at shops.

Inventory:

Hand Weapons
 s - a +1 dagger of venom (weapon)
Armour
 a - a +0 pair of gloves (worn)
 e - a +0 buckler (worn)
 i - a scarf of cloud immunity (worn)
 v - +0 acid dragon scales
 y - a +1 pair of boots (worn)
 G - a +2 robe of positive energy (worn)
Jewellery
 g - the ring of Amorality {Fire rPois MP-9 Str+4 SInv Stlth+}
   (You took it off an ogre mage on level 14 of the Dungeon)

   [ring of fire]

   It enhances your fire magic.
   It affects your strength (+4).
   It protects you from fire.
   It makes you vulnerable to cold.
   It protects you from poison.
   It affects your magic capacity (-9).
   It lets you see invisible.
   It makes you more stealthy.
 n - a ring of positive energy (left hand)
 I - an uncursed amulet of harm
Wands
 j - a wand of polymorph (5)
 q - a wand of disintegration (6)
 w - a wand of enslavement (6)
 x - a wand of digging (4)
 D - a wand of random effects (9)
 F - a wand of flame (1)
Scrolls
 h - 2 scrolls of enchant armour
 k - 4 scrolls of remove curse
 p - 4 scrolls of magic mapping
 r - 3 scrolls of enchant weapon
 t - 6 scrolls of teleportation
 A - a scroll of fog
 C - a scroll of torment {unknown}
Potions
 b - 2 potions of cancellation
 d - 2 potions of resistance
 f - 2 potions of might
 l - 3 potions of invisibility
 m - a potion of degeneration {unknown}
 o - 2 potions of agility
 u - 3 potions of flight
 z - 2 potions of mutation {unknown}
 B - a potion of lignification {unknown}
 E - 3 potions of curing
Comestibles
 c - 8 rations


   Skills:
 + Level 3.5 Fighting
 - Level 8.0 Dodging
 - Level 2.4 Stealth
 - Level 4.7 Shields
 + Level 11.2 Spellcasting
 + Level 11.9 Conjurations
 + Level 9.8 Fire Magic
 + Level 6.7 Evocations


You had 15 spell levels left.
You knew the following spells:

 Your Spells              Type           Power        Failure   Level  Hunger
a - Flame Tongue          Conj/Fire      #####        1%          1    None
d - Conjure Flame         Conj/Fire      ######..     1%          3    None
e - Fireball              Conj/Fire      ######....   1%          5    ###....
f - Sticky Flame          Conj/Fire      ######..     1%          4    None
s - Throw Flame           Conj/Fire      ######       1%          2    None
w - Mephitic Cloud        Conj/Pois/Air  #####...     1%          3    None

Your spell library contained the following spells:

 Spells                   Type           Power        Failure   Level  Hunger
 Force Lance              Conj/Tloc      #####...     1%          4    None
 Inner Flame              Hex/Fire       #####...     1%          3    None
 Confusing Touch          Hex            ##....       4%          1    None
 Confuse                  Hex            ##......     12%         3    None
 Gell's Gravitas          Tloc           ##........   12%         3    None
 Yara's Violent Unravell  Hex/Tmut       ##........   28%         5    ###....
 Petrify                  Tmut/Erth      ##......     38%         4    None
 Metabolic Englaciation   Hex/Ice        ##........   75%         5    ###....


Dungeon Overview and Level Annotations

Branches:
Dungeon (14/15)            Temple (1/1) D:6
   Lair: D:8-11         Orc: D:9-12      Vaults: D:13-14

Altars:
Ashenzari
Cheibriados
Dithmenos
Elyvilon
Fedhas
Gozag
Hepliaklqana
Kikubaaqudgha
Makhleb
Nemelex Xobeh
Okawaru
Qazlal
Ru
Sif Muna
Trog
Uskayaw
Vehumet
Wu Jian
Xom
Yredelemnul
Zin
The Shining One

Shops:
D:9 *   D:10 *

Annotations:
D:14 exclusion: Roxanne, Roxanne


Message History

Roxanne wails, "NOOOO!"
Roxanne mumbles some strange words.
The orb of energy hits you!
The orb of energy explodes!
There is a stone staircase leading up, spattered with blood here.
Roxanne casts a spell.
You blink.
As you read the scroll of teleportation, it crumbles to dust.
You feel strangely unstable.
Roxanne mumbles some strange words.
The orb of energy hits you!
* * * LOW HITPOINT WARNING * * *
The orb of energy explodes!
Roxanne casts a spell.
The bolt of magma misses you.
Roxanne mumbles some strange words.
You blink.
Roxanne casts a spell.
The bolt of magma hits you!
Ouch! That really hurt!
You die...

... #.........
#..#######.##.....#
#............#....#
#.............#..#.
#.............###..
####............###...
#..............#..#...
#.##.......?..#....#..
#....@........#.....##
#..8.....<............
##....######...##.....
##.ยง.# ###########
#####


You could see Roxanne.

Vanquished Creatures
  An ogre mage (D:14)
  3 vault guards (D:13)
  2 two-headed ogres
  An unseen horror (D:13)
  Pikel (D:8)
  A manticore (D:14)
  A cyclops (D:13)
  2 centaur zombies
  A freezing wraith (D:14)
  A tengu conjurer (D:13)
  A troll (D:12)
  2 hornets
  4 hippogriffs
  A spriggan (D:7)
  Sigmund (D:6)
  2 shadows
  2 steam dragons (D:7)
  6 yaks
  A hungry ghost (D:8)
  An acid dragon (D:14)
  2 water moccasins
  4 orc warriors
  3 sky beasts
  2 slaves (D:8)
  5 ice beasts
  2 necrophages (D:12)
  4 ogres
  3 wolves (D:8)
  A phantom (D:10)
  3 centaurs
  A crocodile (D:8)
  2 big kobolds (D:7)
  6 bullfrogs
  A wyvern zombie (D:12)
  4 scorpions
  A wight (D:12)
  An electric eel (D:12)
  7 howler monkeys
  4 crimson imps
  4 bullfrog zombies
  5 hounds
  7 orc priests
  A bullfrog skeleton (D:13)
  3 centaur skeletons
  Crazy Yiuf (D:5)
  A jelly (D:10)
  4 iguanas
  13 orc wizards
  7 worker ants
  A hound zombie (D:7)
  2 hound skeletons
  A mummy (D:12)
  2 worker ant zombies
  8 gnolls
  12 adders
  A shadow imp (D:5)
  5 oozes
  3 adder zombies
  6 worms
  2 dart slugs
  6 leopard geckos
  52 orcs
  12 bats
  12 giant cockroaches
  5 goblins
  4 hobgoblins
  18 jackals
  15 kobolds
  3 quokkas
  3 ball pythons
  4 frilled lizards
  A giant cockroach zombie (D:5)
  2 leopard gecko skeletons
  3 quokka skeletons
  A quokka zombie (D:5)
  7 rats
328 creatures vanquished.

Vanquished Creatures (collateral kills)
  Grum (D:8)
1 creature vanquished.

Vanquished Creatures (others)
  A slave (D:8)
  A bullfrog zombie (D:8)
  A worker ant (D:8)
  An adder (D:8)
  A jackal zombie (D:8)
5 creatures vanquished.

Grand Total: 334 creatures vanquished

Notes
Turn   | Place    | Note
-------+----------+-------------------------------------------
     0 | D:1      | Napalmbreeze the Deep Elf Fire Elementalist began the quest
                  | for the Orb.
     0 | D:1      | Reached XP level 1. HP: 10/10 MP: 6/6
    10 | D:1      | Noticed a bullfrog
   199 | D:1      | Reached XP level 2. HP: 15/15 MP: 6/8
   252 | D:1      | Learned a level 2 spell: Throw Flame
   790 | D:2      | Reached XP level 3. HP: 19/19 MP: 7/10
   795 | D:2      | Learned a level 3 spell: Conjure Flame
  1126 | D:2      | Reached XP level 4. HP: 24/24 MP: 9/12
  1365 | D:2      | Learned a level 4 spell: Sticky Flame
  1945 | D:3      | Found a shattered altar of Ashenzari.
  1945 | D:3      | Found an opulent altar of Gozag.
  1980 | D:3      | Reached XP level 5. HP: 28/28 MP: 8/13
  2503 | D:4      | Found a blossoming altar of Fedhas.
  2508 | D:4      | Found a glowing drain.
  2540 | Sewer    | Entered a sewer
  2552 | Sewer    | Reached XP level 6. HP: 32/32 MP: 5/15
  2669 | Sewer    | Reached skill level 5 in Spellcasting
  3381 | D:4      | Reached skill level 5 in Conjurations
  3579 | D:4      | Reached skill level 5 in Fire Magic
  3630 | D:4      | Learned a level 5 spell: Fireball
  3825 | D:4      | Reached XP level 7. HP: 29/36 MP: 5/17
  4532 | D:5      | Entered Level 5 of the Dungeon
  5458 | D:5      | Found a runed door.
  5653 | D:5      | Noticed Crazy Yiuf
  5661 | D:5      | Killed Crazy Yiuf
  5927 | D:6      | Found a staircase to the Ecumenical Temple.
  6120 | Temple   | Entered the Ecumenical Temple
  6192 | Temple   | Became a worshipper of Vehumet
  6312 | D:6      | Noticed Sigmund
  6361 | D:6      | Reached XP level 8. HP: 35/41 MP: 18/20
  6719 | D:6      | Killed Sigmund
  7237 | D:6      | Found a shimmering altar of Xom.
  7239 | D:6      | Found an ornate altar of the Wu Jian Council.
  7239 | D:6      | Found a glowing silver altar of Zin.
  7239 | D:6      | Found a snail-covered altar of Cheibriados.
  7241 | D:6      | Found a glowing golden altar of the Shining One.
  7241 | D:6      | Found a hide-covered altar of Uskayaw.
  8219 | D:7      | Reached XP level 9. HP: 37/45 MP: 6/23
  8302 | D:7      | Reached * piety under Vehumet
  8302 | D:7      | Offered knowledge of Sandblast by Vehumet.
  8302 | D:7      | Reached skill level 1 in Evocations
  8969 | D:7      | Identified the +4 ring mail "Susior" {rPois Int+2 Dex-4
                  | SInv}
  9328 | D:7      | Reached skill level 10 in Conjurations
  9534 | D:7      | Offered knowledge of Searing Ray by Vehumet.
  9784 | D:7      | Reached ** piety under Vehumet
 10683 | D:8      | Reached XP level 10. HP: 50/50 MP: 17/25
 10963 | D:8      | Noticed Pikel
 10967 | D:8      | Killed Pikel
 11406 | D:8      | Reached skill level 1 in Shields
 11432 | D:8      | Noticed Grum
 11451 | D:8      | Killed Grum
 12139 | D:9      | Offered knowledge of Mephitic Cloud by Vehumet.
 12181 | D:9      | Learned a level 3 spell: Mephitic Cloud
 12203 | D:9      | Found Uvoppoq's General Store.
 12269 | D:9      | Bought a scroll of identify for 26 gold pieces
 12748 | D:9      | Reached skill level 1 in Fighting
 12748 | D:9      | Reached skill level 10 in Spellcasting
 12842 | D:9      | Reached *** piety under Vehumet
 13103 | D:9      | Noticed a two-headed ogre
 13107 | D:9      | Killed a two-headed ogre
 13107 | D:9      | Reached skill level 5 in Evocations
 13411 | D:10     | Entered Level 10 of the Dungeon
 13418 | D:10     | Reached XP level 11. HP: 56/56 MP: 19/27
 13602 | D:10     | Found Esiffo's General Store.
 13623 | D:10     | You fall through a shaft for 3 floors!
 13678 | D:13     | Noticed an unseen horror
 13702 | D:13     | Killed an unseen horror
 13706 | D:13     | Reached skill level 5 in Dodging
 13896 | D:13     | Noticed a purple ugly thing
 13949 | D:13     | Offered knowledge of Force Lance by Vehumet.
 14119 | D:13     | Noticed a vault guard
 14155 | D:13     | Killed a vault guard
 14300 | D:13     | Noticed a vault guard
 14305 | D:13     | Noticed a vault guard
 14334 | D:13     | Killed a vault guard
 14565 | D:13     | Noticed a vault guard
 14582 | D:13     | Killed a vault guard
 15026 | D:12     | Noticed a four-headed hydra
 15323 | D:11     | You fall through a shaft for 3 floors!
 15323 | D:14     | Noticed a cyan ugly thing
 15324 | D:14     | Noticed a cyan ugly thing
 15324 | D:14     | Noticed a cyan ugly thing
 15370 | D:14     | Identified the ring of Amorality {Fire rPois MP-9 Str+4
                  | SInv Stlth+}
 15370 | D:14     | Noticed an ogre mage
 15376 | D:14     | Killed an ogre mage
 15478 | D:14     | Noticed a cyan ugly thing
 15947 | D:14     | Noticed a tengu warrior
 15955 | D:14     | Reached XP level 12. HP: 64/64 MP: 24/29
 16063 | D:14     | Noticed a two-headed ogre
 16083 | D:14     | Killed a two-headed ogre
 16135 | D:14     | Noticed Roxanne
 16142 | D:14     | Killed from afar by Roxanne

Vault maps used:
D:1:      evilmike_arrival_come_back, grunt_decor_mini_mirrors
D:2:      first_ration
D:3:      gammafunk_temple_overflow_pools, kennysheep_boxes
D:4:      fedhas_altar_2, gup_sewer_entry_glass, minmay_between
D:5:      uniq_crazy_yiuf_cottage
D:6:      grunt_temple_overflow_open, minmay_temple_entry_nine_rooms,
          uniq_sigmund
D:7:      cheibrodos_steamvent, the_bakery, sigmund_army
D:8:      uniq_pikel, uniq_grum
D:9:      serial_shops, nicolae_shop_stone
D:10:     serial_shops, nicolae_shop_trees, shop, nicolae_shop_window_shopping
D:11:     erik_lair_dragon, david_orc_3, chequers_garden
D:12:     serial_undead, serial_undead_f, serial_undead_f, serial_undead_e,
          serial_undead_f, serial_undead_e, serial_undead_d, serial_undead_a
D:13:     erik_vaults_2, st_stairs_7
D:14:     minmay_wavy_crystal, minmay_misc_feat_chi, uniq_roxanne
Temple:   dshaligram_water_room_temple
Sewer:    sewer_fruit_machine

Skill      XL: |  1  2  3  4  5  6  7  8  9 10 11 12 |
---------------+-------------------------------------+-----
Conjurations   | 2 3 4 5 7 9 10 11 | 11.9
Spellcasting   | 4 5 6 8 9 10 11 | 11.2
Fire Magic     | 4 5 6 7 8 9 |  9.8
Evocations     | 3 5 6 |  6.7
Shields        | 4 |  4.7
Dodging        | 4 7 8 |  8.0
Fighting       | 1 3 |  3.5
Stealth        | |  2.4

Action                   |  1- 3 |  4- 6 |  7- 9 | 10-12 || total
-------------------------+-------+-------+-------+-------++-------
Melee: Dagger            |       |    20 |    76 |    35 ||   131
 Cast: Flame Tongue      |    44 |    75 |   155 |   158 ||   432
       Throw Flame       |     8 |    51 |    69 |    66 ||   194
       Sticky Flame      |       |     4 |    14 |    32 ||    50
       Fireball          |       |       |    24 |    45 ||    69
       Conjure Flame     |       |       |    13 |    21 ||    34
Evoke: Wand              |       |       |       |    25 ||    25
  Use: Scroll            |       |     8 |     2 |     8 ||    18
       Potion            |       |     8 |     1 |       ||     9
 Stab: Sleeping          |       |     1 |       |     1 ||     2
  Eat: Chunk             |     1 |     9 |    14 |    14 ||    38
       Ration            |       |       |     4 |     3 ||     7
Armor: Robe              |     4 |     8 |    21 |    13 ||    46
Dodge: Dodged            |    15 |    38 |    81 |    55 ||   189
Block: Buckler           |       |       |       |     4 ||     4

Table legend:
 A = Non-vault XP
 B = Vault XP
 C = Vault XP percentage of total XP
 D = Non-vault monster count
 E = Vault monster count
 F = Vault count percentage of total count
                 A         B        C        D         E       F
            +---------+---------+-------+---------+---------+-------
      Total |   16190 |    6678 |  29.2 |     274 |      53 |  16.2
            +---------+---------+-------+---------+---------+-------
        D:1 |      32 |       0 |   0.0 |      16 |       0 |   0.0
        D:2 |      98 |       0 |   0.0 |      18 |       0 |   0.0
        D:3 |     208 |       0 |   0.0 |      27 |       0 |   0.0
        D:4 |     402 |     132 |  24.7 |      25 |       8 |  24.2
        D:5 |     354 |      40 |  10.2 |      24 |       1 |   4.0
        D:6 |    1054 |     220 |  17.3 |      26 |       1 |   3.7
        D:7 |    1835 |     621 |  25.3 |      51 |       4 |   7.3
        D:8 |    1453 |    1191 |  45.0 |      29 |       5 |  14.7
        D:9 |    3215 |       0 |   0.0 |      20 |       0 |   0.0
       D:10 |     852 |       0 |   0.0 |       8 |       0 |   0.0
       D:12 |     953 |     398 |  29.5 |       6 |       5 |  45.5
       D:13 |    2393 |    2989 |  55.5 |      13 |       3 |  18.8
       D:14 |    3341 |    1011 |  23.2 |      11 |       1 |   8.3
      Sewer |       0 |      76 | 100.0 |       0 |      25 | 100.0
            +---------+---------+-------+---------+---------+-------
